 Dungeon Crawl Stone Soup version 0.21.1-1-g345015f (webtiles) character file.

55 andwo the Sneak (level 3, -6/18 HPs)
             Began as a Spriggan Assassin on Mar 19, 2018.
             Killed from afar by Natasha (7 damage)
             ... with a magic dart
             ... on level 2 of the Dungeon.
             The game lasted 00:06:04 (1021 turns).

andwo the Sneak (Spriggan Assassin)                 Turns: 1021, Time: 00:06:04

Health: -6/18      AC:  3    Str:  7    XL:     3   Next: 67%
Magic:  4/4        EV: 18    Int: 12    God:
Gold:   38         SH:  0    Dex: 18    Spells: 2/2 levels left

rFire    . . .     SeeInvis +   a - +2 dagger
rCold    . . .     Gourm    .   (shield restricted)
rNeg     . . .     Faith    .   c - +0 robe
rPois    .         Spirit   .   (helmet restricted)
rElec    .         Reflect  .   d - +0 cloak
rCorr    .         Harm     .   (gloves unavailable)
MR       .....                  (boots unavailable)
Stlth    +++++.....             l - amulet of regeneration
HPRegen  0.46/turn              (no ring)
MPRegen  0.09/turn              (no ring)

@: slowed, quick
A: very small, unfitting armour, camouflage 1, see invisible, herbivore, speed
3, mutation resistance 1, slow metabolism 2
a: no special abilities


You were on level 2 of the Dungeon.
You were not hungry.

You visited 1 branch of the dungeon, and saw 2 of its levels.

You collected 38 gold pieces.

Inventory:

Hand Weapons
 a - a +2 dagger (weapon)
 b - a +0 blowgun
Missiles
 e - 8 poisoned needles
 f - 2 curare-tipped needles
Armour
 c - a +0 robe (worn)
 d - a +0 cloak (worn)
Jewellery
 l - an amulet of regeneration (around neck)
Wands
 n - a wand of digging (6)
Scrolls
 k - 2 scrolls of teleportation
Comestibles
 g - 3 rations


   Skills:
 - Level 1.5 Fighting
 + Level 2.6 Short Blades
 - Level 2.0 Throwing
 * Level 2.4 Dodging
 - Level 7.5 Stealth


You had 2 spell levels left.
You didn't know any spells.

Dungeon Overview and Level Annotations

Branches:
Dungeon (2/15)

Altars:

Annotations:
D:2 Natasha


Innate Abilities, Weirdness & Mutations

You are very small and have problems with some larger weapons.
You are too small for most types of armour.
You have supernaturally acute eyesight. (SInv)
You are a herbivore.
You cover ground extremely quickly.
You need consume almost no food.
Your skin changes colour to match your surroundings (Stealth+).
You are somewhat resistant to further mutation.


Message History

You are too injured to fight recklessly!
You are too injured to fight recklessly!
Natasha growls.
Natasha casts a spell at you.
You feel as though you will be slow longer.
You hit Natasha.
Natasha is heavily wounded.
Natasha mewls in sadness.
Natasha mumbles some strange words.
You hit Natasha.
Natasha is heavily wounded.
Natasha stares at you and mumbles some strange words.
The magic dart hits you!
Ouch! That really hurt!
* * * LOW HITPOINT WARNING * * *
You hit Natasha.
Natasha is severely wounded.
Natasha casts a spell at you. The magic dart hits you!
You die...

... .. #...#####..# ..# ... ##
####...#.(. ..#.##.. #.
.........## ### ... #... #.
#....###### .)##.# #...##.
##.....##... #.)rr#
#.....######...........
####.......#................<....
.#.##.. #..####............ .. #
##@####...[........ ...
#.h55............. ...#
#####............. ..##
##..........^. #.# .............
..##.......... ##. ########.## ##
#... ####


You could see an iron imp, Natasha and a white imp.

Vanquished Creatures
  A worker ant zombie (D:2)
  An adder (D:2)
  3 leopard geckos
  A giant cockroach (D:1)
  9 goblins (D:1)
  A hobgoblin (D:2)
  3 jackals (D:1)
  3 kobolds
  A ball python (D:1)
  4 bats (D:1)
  3 frilled lizards (D:1)
  A rat (D:1)
31 creatures vanquished.

Notes
Turn   | Place    | Note
-------+----------+-------------------------------------------
     0 | D:1      | andwo the Spriggan Assassin began the quest for the Orb.
     0 | D:1      | Reached XP level 1. HP: 10/10 MP: 2/2
    34 | D:1      | Reached skill level 6 in Stealth
   106 | D:1      | Reached XP level 2. HP: 11/14 MP: 3/3
   448 | D:1      | Reached skill level 7 in Stealth
   738 | D:1      | Reached XP level 3. HP: 18/18 MP: 4/4
   928 | D:2      | Noticed Natasha
   984 | D:2      | Gained mutation: Your skin changes colour to match your surroundings (Stealth+). [potion of mutation]
   984 | D:2      | Gained mutation: You are somewhat resistant to further mutation. [potion of mutation]
  1021 | D:2      | Killed from afar by Natasha

Skill      XL: |  1  2  3 |
---------------+----------+-----
Stealth        | 6 7 |  7.5
Dodging        | 2 |  2.4
Fighting       | |  1.5
Short Blades   | |  2.6
Throwing       | |  2.0

Action                   || total
-------------------------++-------
Melee: Dagger            ||   126
 Fire: Blowgun           ||     5
  Use: Potion            ||     3
       Scroll            ||     2
 Stab: Sleeping          ||     3
Armor: Robe              ||    16
Dodge: Dodged            ||    98
